 Dungeon Crawl Stone Soup version 0.32-a0-898-g7811c86cf0 (webtiles) character file.

Game seed: 17712661072680893889

1589 syranez the Magician (level 8, 0/52 HPs)
             Began as a Demonspawn Hedge Wizard on Apr 4, 2024.
             Was an Initiate of Sif Muna.
             Succumbed to a scorpion's poison
             ... on level 6 of the Dungeon.
             The game lasted 00:23:20 (7476 turns).

syranez the Magician (Demonspawn Hedge Wizard)      Turns: 7476, Time: 00:23:20

Health: 0/52       AC:  1    Str: 16    XL:     8   Next: 61%
Magic:  15/15      EV: 16    Int: 17    God:    Sif Muna [......]
Gold:   308        SH:  0    Dex: 13    Spells: 9/17 levels left

rFire   . . .        a - +2 dagger (drain)
rCold   . . .        (no shield)
rNeg    . . .        u - +0 leather armour
rPois   .            c - +0 hat
rElec   .            (no cloak)
rCorr   .            (no gloves)
SInv    .            (no boots)
Will    .....        (no amulet)
Stlth   +++          f - +5 ring of evasion
HPRegen 0.28/turn    s - +6 ring of strength
MPRegen 0.14/turn

%: no passive effects
@: lethally poisoned (0 -> -3)
A: hooves 2, ignite blood 1, deformed body, MP-powered wands
a: Renounce Religion


You were on level 6 of the Dungeon.
You worshipped Sif Muna.
Sif Muna was noncommittal.
You visited 2 branches of the dungeon, and saw 7 of its levels.

You collected 308 gold pieces.

Inventory:

Hand Weapons
 a - a +2 dagger of draining (weapon)
 b - a +0 sling
Missiles
 m - 6 poisoned darts
 w - 3 boomerangs
Armour
 c - a +0 hat (worn)
 e - a +0 robe
 j - a +2 ring mail of fire resistance
 u - a +0 leather armour (worn)
Jewellery
 f - a +5 ring of evasion (left hand)
 l - an amulet of guardian spirit
 s - a +6 ring of strength (right hand)
Talismans
 n - a serpent talisman
Wands
 k - a wand of quicksilver (4)
 r - a wand of flame (23)
 v - a wand of warping (9)
Scrolls
 g - a scroll of teleportation
 h - 3 scrolls of fear
 p - a scroll of amnesia
 q - a scroll of fog
 t - a scroll of noise
 x - a scroll of poison
 y - a scroll of torment {unknown}
Potions
 i - a potion of cancellation


   Skills:
 - Level 3.0 Dodging
 + Level 4.8 Stealth
 + Level 5.1 Spellcasting
 - Level 4.0 Conjurations
 - Level 4.0 Summonings
 - Level 3.0 Translocations
 + Level 3.4 Air Magic
 + Level 2.7 Alchemy


You had 9 spell levels left.
You knew the following spells:

 Your Spells              Type           Power      Damage    Failure   Level
a - Magic Dart            Conj           68%        1d6       3%          1
b - Call Imp              Summ           34%        N/A       4%          2
c - Blink                 Tloc           28%        N/A       8%          2
d - Mephitic Cloud        Conj/Alch/Air  15%        N/A       13%         3

Your spell library contained the following spells:

 Spells                   Type           Power      Damage    Failure   Level
 Shock                    Conj/Air       68%        1d7       3%          1
 Cigotuvi's Dreadful Rot  Necr/Alch/Air  22%        N/A       11%         2
 Swiftness                Air            16%        N/A       13%         3
 Slow                     Hex            16%        N/A       17%         1
 Airstrike                Air            8%         2d(2-18)  38%         4
 Conjure Ball Lightning   Conj/Air       8%         3x3d6     99%         6
 Discord                  Hex            2%         N/A       100%        8
 Disjunction              Tloc           7%         N/A       100%        8


Dungeon Overview and Level Annotations

Branches:
Dungeon (6/15) Zot: 26108  Temple (1/1) D:5 Zot: 5988

Altars:
Ashenzari
Cheibriados
Dithmenos
Fedhas
Gozag
Hepliaklqana
Kikubaaqudgha
Makhleb
Nemelex Xobeh
Okawaru
Qazlal
Ru
Sif Muna
Trog
Uskayaw
Vehumet
Wu Jian
Xom
Yredelemnul

Annotations:
D:2 1 runed translucent door, Crazy Yiuf
D:3 2 runed translucent doors, exclusion: bombardier beetle, P0WERM0DE's ghost, amateur CoCK; Sigmund
D:6 Jeremiah


Innate Abilities, Weirdness & Mutations

You have hoof-like feet.
Your demonic aura sometimes causes spilled blood to erupt in flames.
Armour fits poorly on your strangely shaped body.
You expend magic power (3 MP) to strengthen your wands.


Message History

Aiming: Magic Dart (safe; 3% risk of failure)
Press: ? - help, Shift-Dir - straight line, f/p - scorpion
Aim: a scorpion (moderately wounded, ally target, 100% to hit)
The magic dart hits the scorpion.
The scorpion is heavily wounded.
Unknown command.
Your cerulean imp dies!
Your cerulean imp disappears in a puff of smoke!
You hit the scorpion.
The scorpion is heavily wounded.
The scorpion stings you.
* * * LOW HITPOINT WARNING * * *
You are poisoned.
The scorpion poisons you!
* * * LOW HITPOINT WARNING * * *
You feel very sick. The scorpion attacks as it pursues you!
The scorpion misses you. Magic courses through your body.
* * * LOW HITPOINT WARNING * * *
You feel very sick. The scorpion misses you.
The scorpion stings you but does no damage.
Unknown command.
You hit the scorpion. You kick the scorpion.
The scorpion is heavily wounded.
* * * LOW HITPOINT WARNING * * *
You feel sick. The scorpion misses you.
You hit the scorpion but do no damage. You drain the scorpion.
The scorpion is severely wounded.
You feel sick.
The scorpion stings you but does no damage.
You barely miss the scorpion. Your kick misses the scorpion.
The scorpion is severely wounded.
* * * LOW HITPOINT WARNING * * *
You feel sick. The scorpion stings you.
* * * LOW HITPOINT WARNING * * *
You feel extremely strange.
You feel your magical essence link to the dungeon's wands.
Your body twists and deforms.
You die...

..# ##.....# #...#
.## ##### #....##
#.... ## #...###
#.....## #... #
##.....##
##).....## [.. #
#.......##
##...##..[####....
# ##...#....#
#...####..........
# ##...###...#
#..## ####..#####
###...## #...#
#s.# ### .....##
#.).# #@.# ....##
##.## #.## #####
#.# #.# #.# #.#
#.## #.# #..###)#
#....>.# ####.(##
####


You could see a scorpion (drained).

Vanquished Creatures
  Prince Ribbit (D:5)
  Grinder (D:6)
  Eustachio (D:6)
  3 ogres
  2 phantoms (D:5)
  2 scorpions (D:6)
  A bullfrog (D:6)
  A howler monkey (D:5)
  A jelly (D:5)
  A bombardier beetle (D:4)
  Jessica (D:2)
  Ijyb (D:3)
  Terence (D:2)
  An orc wizard (D:5)
  Robin (D:3)
  8 adders
  4 gnolls
  3 shadow imps
  5 ufetubi
  2 dart slugs (D:2)
  A ribbon worm (D:4)
  4 orcs (D:5)
  3 ball pythons
  8 endoplasms
  3 giant cockroaches
  6 hobgoblins
  3 jackals (D:3)
  7 kobolds
  3 quokkas
  5 bats
  3 frilled lizards
  15 goblins
  3 rats
105 creatures vanquished.

Vanquished Creatures (collateral kills)
  An iguana (D:5)
  A white imp (D:5)
  An ufetubus (D:6)
3 creatures vanquished.

Grand Total: 108 creatures vanquished

Notes
Turn   | Place    | Note
-------+----------+-------------------------------------------
     0 | D:1      | syranez the Demonspawn Hedge Wizard began the quest for the
                  | Orb.
     0 | D:1      | Reached XP level 1. HP: 13/13 MP: 4/4
   215 | D:1      | Reached skill level 1 in Translocations
   366 | D:1      | Gained mutation: You have large cloven feet. [demonic
                  | ancestry]
   366 | D:1      | Reached XP level 2. HP: 19/19 MP: 4/6
   479 | D:1      | Learned a level 2 spell: Call Imp
   664 | D:1      | Reached skill level 2 in Stealth
   668 | D:1      | Reached skill level 2 in Dodging
  1459 | D:2      | Reached XP level 3. HP: 24/24 MP: 4/7
  1494 | D:2      | Learned a level 2 spell: Blink
  1610 | D:2      | Noticed Terence
  1618 | D:2      | Noticed Jessica
  1624 | D:2      | Killed Jessica
  1625 | D:2      | Reached skill level 2 in Conjurations
  1768 | D:2      | Gained mutation: You have hoof-like feet. [demonic
                  | ancestry]
  1768 | D:2      | Reached XP level 4. HP: 22/30 MP: 1/8
  1870 | D:2      | Found a runed translucent door.
  1871 | D:2      | Noticed Crazy Yiuf
  2278 | D:3      | Found a runed translucent door.
  2280 | D:3      | Noticed P0WERM0DE's ghost (amateur CoCK)
  2417 | D:3      | Found a runed translucent door.
  2554 | D:3      | Noticed Sigmund
  2565 | D:3      | Noticed Ijyb
  2637 | D:3      | Killed Ijyb
  2786 | D:3      | Noticed Robin
  2904 | D:3      | Killed Robin
  2905 | D:3      | Reached XP level 5. HP: 31/35 MP: 1/10
  3266 | D:3      | Reached skill level 2 in Summonings
  3408 | D:2      | Killed Terence
  3697 | D:4      | Noticed an ogre
  3700 | D:4      | Killed an ogre
  3701 | D:4      | Reached skill level 3 in Stealth
  3701 | D:4      | Reached skill level 3 in Conjurations
  3701 | D:4      | Reached skill level 2 in Translocations
  3701 | D:4      | Reached XP level 6. HP: 41/41 MP: 11/11
  4272 | D:4      | Learned a level 3 spell: Mephitic Cloud
  4968 | D:5      | Entered Level 5 of the Dungeon
  5080 | D:5      | Reached skill level 3 in Dodging
  5080 | D:5      | Reached skill level 1 in Air Magic
  5158 | D:5      | Found a broken altar of Ashenzari.
  5199 | D:5      | Reached skill level 4 in Spellcasting
  5199 | D:5      | Gained mutation: Your demonic aura sometimes causes spilled
                  | blood to erupt in flames. [demonic ancestry]
  5199 | D:5      | Reached XP level 7. HP: 20/46 MP: 5/13
  5449 | D:5      | Reached skill level 3 in Summonings
  5530 | D:5      | Found a staircase to the Ecumenical Temple.
  5537 | Temple   | Entered the Ecumenical Temple
  5543 | Temple   | Became a worshipper of Sif Muna the Loreminder
  5607 | D:5      | Noticed Prince Ribbit
  5695 | D:5      | Killed Prince Ribbit
  5957 | D:5      | Reached skill level 3 in Translocations
  6204 | D:5      | Found an opulent altar of Gozag.
  6257 | D:5      | Reached skill level 4 in Stealth
  6257 | D:5      | Reached skill level 2 in Air Magic
  6293 | D:5      | Reached skill level 1 in Alchemy
  6584 | D:6      | Noticed Jeremiah
  6588 | D:6      | Noticed Eustachio
  6681 | D:6      | Reached XP level 8. HP: 40/52 MP: 14/14
  6980 | D:6      | Noticed Grinder
  6981 | D:6      | Reached skill level 4 in Conjurations
  6997 | D:6      | Paralysed by Grinder for 3 turns
  7001 | D:6      | Killed Grinder
  7002 | D:6      | Reached skill level 4 in Summonings
  7002 | D:6      | Reached skill level 3 in Air Magic
  7002 | D:6      | Reached skill level 2 in Alchemy
  7466 | D:6      | Killed Eustachio
  7467 | D:6      | Reached skill level 5 in Spellcasting
  7475 | D:6      | HP: 1/52 [scorpion (4)]
  7476 | D:6      | Gained mutation: You expend magic power (3 MP) to
                  | strengthen your wands. [potion of mutation]
  7476 | D:6      | Gained mutation: Armour fits poorly on your strangely
                  | shaped body. [potion of mutation]
  7476 | D:6      | Succumbed to a scorpion's poison

Illustrated notes

Levels and vault maps discovered:
D:1:      dpeg_arrival_more_subterranean_lakeside_camping, layout_loops_corners,
          serial_bayou_lagoon_a, nicolae_kite_square_tiling_tiny
D:2:      layout_rooms, uniq_terence, uniq_crazy_yiuf_cottage, uniq_jessica
D:3:      layout_basic, ebering_ghost_sewer_f, nicolae_titane, uniq_sigmund,
          uniq_robin, uniq_ijyb
D:4:      layout_loops_cross
D:5:      layout_basic, mainiacjoe_overflow_catch_the_wave,
          minmay_temple_entry_statues_fountains, grunt_ministairs_3,
          uniq_prince_ribbit1
D:6:      layout_layer_cave, uniq_eustachio, uniq_menkaure, uniq_grinder,
          uniq_jeremiah
Temple:   nicolae_temple_bog_church

Skill      XL: |  1  2  3  4  5  6  7  8 |
---------------+-------------------------+-----
Translocations | 1 2 3 |  3.0
Stealth        | 2 3 4 |  4.8
Dodging        | 2 3 |  3.0
Conjurations   | 2 3 4 |  4.0
Summonings     | 2 3 4 |  4.0
Air Magic      | 1 2 3 |  3.4
Spellcasting   | 4 5 |  5.1
Alchemy        | 1 2 |  2.7

Action                     |  1- 3 |  4- 6 |  7- 9 || total
---------------------------+-------+-------+-------++-------
  Melee: Dagger            |     9 |    69 |    86 ||   164
         Kick              |       |    19 |    15 ||    34
   Fire: Sling             |    57 |    57 |    30 ||   144
   Cast: Magic Dart        |    50 |   108 |    85 ||   243
         Call Imp          |       |     5 |    11 ||    16
  Evoke: Wand              |       |     3 |     2 ||     5
    Use: Scroll            |       |     7 |     2 ||     9
         Potion            |       |     1 |     2 ||     3
   Stab: Sleeping          |       |     1 |     1 ||     2
 Armour: Robe              |    16 |    49 |       ||    65
         Leather armour    |       |     9 |   102 ||   111
  Dodge: Dodged            |    56 |    90 |   170 ||   316

Table legend: (Time is in decaauts)
 A = Elapsed time spent in this place.
 B = Non-inter-level travel time spent in this place.
 C = Inter-level travel time spent in this place.
 D = Time resting spent in this place.
 E = Time spent auto-exploring this place.
 F = Levels seen in this place.
 G = Mean time per level.
                   A        B        C        D        E       F      G
               +--------+--------+--------+--------+--------+-----+--------+
         Total |   7523 |   7031 |    492 |   2462 |   2829 |   7 | 1074.7 |
       Dungeon |   7511 |   7023 |    488 |   2462 |   2829 |   6 | 1251.8 |
        Temple |     11 |      7 |      4 |      0 |      0 |   1 |   11.0 |
               +--------+--------+--------+--------+--------+-----+--------+

Top non-repeatable levels by time:
     D:5: 1691 daAuts
     D:3: 1556 daAuts
     D:1: 1417 daAuts
     D:4: 1074 daAuts
     D:2: 962 daAuts
     D:6: 809 daAuts
  Temple: 11 daAuts
